 Dungeon Sprint DCSS version 0.29-a0-284-gf9362112df (webtiles) character file.

Game seed: 2311479201979173601

38 horus123 the Magician (level 3, 0/26 HPs)
             Began as a Demigod Ice Elementalist on Mar 17, 2022.
             Slain by a gnoll sergeant
             ... wielding a +2 spear of freezing
              (5 damage)
             ... in the Dungeon (Sprint IX: "|||||||||||||||||||||||||||||").
             The game lasted 00:03:21 (263 turns).

horus123 the Magician (Demigod Ice Elementalist)     Turns: 263, Time: 00:03:22

Health: 0/26       AC: 10    Str: 12    XL:     3   Next: 10%
Magic:  6/12       EV: 12    Int: 24    God:
Gold:   0          SH:  0    Dex: 14    Spells: 5/12 levels left

rFire   . . .      SeeInvis .   l - +2 dire flail (protect)
rCold   . . .      Faith    .   (shield currently unavailable)
rNeg    . . .      Spirit   .   a - +0 robe
rPois   .          Reflect  .   n - +0 helmet
rElec   .          Harm     .   (no cloak)
rCorr   .          Rampage  .   (no gloves)
Will    .....      NoTele   +   (no boots)
Stlth   ++........              (no amulet)
HPRegen 0.08/turn               h - +3 ring of strength
MPRegen 0.13/turn               m - +3 ring of intelligence

@: ice-armoured, freezing walls
A: high MP 1, forlorn, divine attributes
a: no special abilities


You were in the Dungeon.
You visited 1 branch

Inventory:

Hand Weapons
 l - a +2 dire flail of protection (weapon)
Armour
 a - a +0 robe (worn)
 n - a +0 helmet (worn)
Jewellery
 h - a +3 ring of strength (left hand)
 m - a +3 ring of intelligence (right hand)
Wands
 k - a wand of iceblast (10)
Scrolls
 g - 2 scrolls of blinking
 j - 2 scrolls of amnesia
Potions
 b - 4 potions of magic
 c - a potion of invisibility
 d - 2 potions of heal wounds
 e - a potion of haste
 f - a potion of berserk rage
 i - 4 potions of curing


   Skills:
 - Level 1.7 Dodging
 - Level 1.7 Stealth
 - Level 5.3 Spellcasting
 + Level 4.2 Ice Magic


You had 5 spell levels left.
You knew the following spells:

 Your Spells              Type           Power      Damage    Failure   Level
a - Freeze                Ice            100%       1d11      1%          1
b - Frozen Ramparts       Ice            52%        1d7       4%          3
c - Ozocubu's Armour      Ice            26%        N/A       4%          3

Your spell library contained the following spells:

 Spells                   Type           Power      Damage    Failure   Level
 Hailstorm                Conj/Ice       16%        3d6       34%         4


Dungeon Overview and Level Annotations

Branches:
Dungeon (1/1)


Innate Abilities, Weirdness & Mutations

You have an increased reservoir of magic. (+10% MP)
You shall have no god before yourself.
Your divine heritage dramatically boosts your attributes as you level up.


Message History

You see here a +0 plate armour.
You open the door.
A kobold demonologist, a vampire, 2 wyverns, a two-headed ogre and a gnoll sergeant come into view.
The gnoll sergeant is wielding a +2 spear of freezing.
Casting: Freeze (safe; 1% risk of failure)
Confirm with . or Enter, or press ? or * to list all spells.
The spell is quite dangerous to miscast (4% risk of failure)!
Continue anyway?
Casting: Frozen Ramparts (quite dangerous; 4% risk of failure)
Press: ? - help, Dir - look around, f - activate The walls around you are covered in ice.
The gnoll sergeant shouts!
The wall freezes the gnoll sergeant.
The gnoll sergeant hits you from afar with a +2 spear of freezing!
The gnoll sergeant freezes you.
The wall freezes the two-headed ogre.
The two-headed ogre shouts in stereo!
The kobold demonologist mumbles some strange words.
The wyvern hisses angrily.
Casting: Frozen Ramparts (quite dangerous; 4% risk of failure)
Confirm with . or Enter, or press ? or * to list all spells.
The spell is quite dangerous to miscast (4% risk of failure)!
Continue anyway?
Okay, then.
Casting: Ozocubu's Armour (quite dangerous; 4% risk of failure)
Confirm with . or Enter, or press ? or * to list all spells.
The spell is quite dangerous to miscast (4% risk of failure)!
Continue anyway?
A film of ice covers your body!
The wyvern hisses angrily.
The wall freezes the gnoll sergeant.
The gnoll sergeant misses you.
The wall freezes the two-headed ogre.
The wall freezes the gnoll sergeant.
The gnoll sergeant hits you from afar with a +2 spear of freezing!
The gnoll sergeant freezes you.
* * * LOW HITPOINT WARNING * * *
The wall freezes the two-headed ogre!
The kobold demonologist looks satisfied for a moment.
Unknown command.
The wall freezes the gnoll sergeant.
The gnoll sergeant barely misses you.
The wall freezes the two-headed ogre.
The wall freezes the gnoll sergeant.
The gnoll sergeant hits you from afar with a +2 spear of freezing.
You die... ▓▓▓▓▓▓▓▓▓▓▓▓▓▓▓▓▓▓▓▓▓▓▓▓ lKVlOg'@.[.[.)..'_______ ▓▓▓▓▓▓▓▓▓▓▓▓▓▓▓▓▓▓▓▓▓▓▓▓

You could see a two-headed ogre, a kobold demonologist, a vampire, 2 wyverns and a gnoll sergeant.

Vanquished Creatures
  2 adders (D)
  A gnoll (D)
  A dart slug (D)
  A ball python (D)
  A goblin (D)
  A jackal (D)
  A kobold (D)
  A frilled lizard (D)
  A rat (D)
10 creatures vanquished.

Notes
Turn   | Place    | Note
-------+----------+-------------------------------------------
     0 | D        | horus123 the Demigod Ice Elementalist began the quest for
                  | the Orb.
     0 | D        | Reached XP level 1. HP: 14/14 MP: 5/5
     5 | D        | Reached skill level 2 in Spellcasting
     8 | D        | Reached skill level 3 in Spellcasting
   109 | D        | Reached skill level 4 in Spellcasting
   109 | D        | Reached XP level 2. HP: 10/20 MP: 2/10
   118 | D        | Reached skill level 5 in Spellcasting
   123 | D        | HP: 1/20 [poisoned by an adder]
   127 | D        | Reached XP level 3. HP: 3/26 MP: 10/12
   140 | D        | Learned a level 3 spell: Frozen Ramparts
   144 | D        | Learned a level 3 spell: Ozocubu's Armour
   258 | D        | Noticed a wyvern
   258 | D        | Noticed a kobold demonologist
   258 | D        | Noticed a vampire
   258 | D        | Noticed a wyvern
   258 | D        | Noticed a two-headed ogre
   258 | D        | Noticed a gnoll sergeant
   263 | D        | Slain by a gnoll sergeant

Illustrated notes

Levels and vault maps discovered:
D:        linesprint [early_d, line_temple, items_1, d_10, items_2, lair_1,
          lair_end, items_3, orc_1, orc_end, items_4, d_15, swamp_1, shoals_1,
          snake_1, spider_1, d_20, vaults_1, items_5, swamp_end, shoals_end,
          snake_end, spider_end, vaults_end, d_27, items_6, zot_1, zot_end,
          crypt_end, forest_end, elf_end, slime_end, tomb_end, abyss_end,
          pan_hell_end]

Skill      XL: |  1  2 |
---------------+-------+-----
Spellcasting   | 4 5 |  5.3
Ice Magic      | 4 |  4.2
Dodging        | |  1.7
Stealth        | |  1.7

Action                   || total
-------------------------++-------
Melee: Club              ||     6
 Cast: Freeze            ||    16
       Ozocubu's Armour  ||     1
       Frozen Ramparts   ||     1
  Use: Potion            ||     3
Armor: Robe              ||     5
Dodge: Dodged            ||    16

Table legend: (Time is in decaauts)
 A = Elapsed time spent in this place.
 B = Non-inter-level travel time spent in this place.
 C = Inter-level travel time spent in this place.
 D = Time resting spent in this place.
 E = Time spent auto-exploring this place.
 F = Levels seen in this place.
 G = Mean time per level.
                   A        B        C        D        E       F      G
               +--------+--------+--------+--------+--------+-----+--------+
         Total |    262 |    262 |      0 |    120 |      0 |   1 |  262.0 |
       Dungeon |    262 |    262 |      0 |    120 |      0 |   1 |  262.0 |
               +--------+--------+--------+--------+--------+-----+--------+

Top non-repeatable levels by time:
       D: 262 daAuts
